 Dungeon Crawl Stone Soup version 0.24-a0-581-gc0fa6600bf (webtiles) character file.

Game seed: 10840990493897139562

0 Esekla the Skirmisher (level 1, 4/11 HPs)
             Began as a Vine Stalker Abyssal Knight on Aug 24, 2019.
             Was an Initiate of Lugonu.
             Got out of the dungeon alive.
             The game lasted 00:02:58 (275 turns).

Esekla the Skirmisher (Vine Stalker Abyssal Knight)  Turns: 275, Time: 00:02:59

Health: 4/11       AC:  3    Str: 14    XL:     1   Next: 0%
Magic:  0/3        EV: 12    Int: 12    God:    Lugonu [......]
Gold:   20         SH:  0    Dex: 13    Spells: 0/0 levels left

rFire    . . .     SeeInvis .   a - +1 falchion
rCold    . . .     Gourm    .   (no shield)
rNeg     . . .     Faith    .   b - +0 leather armour
rPois    .         Spirit   +   (no helmet)
rElec    .         Reflect  .   (no cloak)
rCorr    .         Harm     .   (no gloves)
MR       .....                  (no boots)
Stlth    +.........             (no amulet)
HPRegen  0.03/turn              e - +1 ring of evasion
MPRegen  0.08/turn              (no ring)

@: no status effects
A: fangs 2, magic shield, antimagic bite, no potion heal 3, rot immunity
a: Renounce Religion


You escaped.
You worshipped Lugonu.
Lugonu was noncommittal.
You were not hungry.

You visited 1 branch of the dungeon, and saw 1 of its levels.
You visited the Abyss 1 time.

You collected 20 gold pieces.

Inventory:

Hand Weapons
 a - a +1 falchion (weapon)
Armour
 b - a +0 leather armour (worn)
Jewellery
 e - a +1 ring of evasion (left hand)
Scrolls
 d - a scroll of magic mapping {unknown}
Comestibles
 c - a ration


   Skills:
 * Level 2.6 Fighting
 - Level 1.7 Long Blades
 + Level 1.5 Armour
 + Level 0.7 Dodging
 + Level 1.7 Invocations


You couldn't memorise any spells.
You didn't know any spells.
Your spell library was empty.

Dungeon Overview and Level Annotations

Branches:
Dungeon (1/15)

Altars:


Innate Abilities, Weirdness & Mutations

You have extremely sharp teeth.
When hurt, damage is shared between your health and your magic reserves.
Your bite disrupts and absorbs the magic of your enemies.
Potions cannot restore your health.
You are immune to rotting.


Message History

Found 2 brown potions.
Found 14 poisoned darts.
A hellwing comes into view.
The hellwing gives a chilling moan.
A rakshasa comes into view. It is wielding a -3 long sword.
The ynoxinul bellows!
The hellwing swoops through the air toward you!
The hellwing closely misses you.
You riposte.
You hit the hellwing.
The hellwing is lightly wounded.
The hellwing hits you!
Ouch! That really hurt!
You pass through the gate.
You can no longer depart the Abyss at will.
Found a leather armour.
There is a staircase leading out of the dungeon here.
Put on which piece of jewellery? (? for menu, Esc to quit)
e - a +1 ring of evasion (left hand)
There is a staircase leading out of the dungeon here.
Are you sure you want to leave the Dungeon?
This will make you lose the game!
You have escaped!

####+####
##PP#.#PP##
##P≈≈#.#PPP##
##P≈≈≈#[#P..P##
#P≈≈≈≈#.#..PPP#
#P≈≈≈≈#.#..PPP#
#######.#######
+......@......+
#######.#######
#P....#.#≈≈≈≈P#
#PPP..#.#≈≈≈≈P#
##P...#.#≈≈≈P##
##PP.#.#≈≈P##
##PP#.#PP##
####+####


There were no monsters in sight!

Vanquished Creatures (others)
  4 starspawn tentacles (Abyss:1)
4 creatures vanquished.

Notes
Turn   | Place    | Note
-------+----------+-------------------------------------------
     0 | Abyss:1  | Esekla the Vine Stalker Abyssal Knight began the quest for
                  | the Orb.
     0 | Abyss:1  | Reached XP level 1. HP: 11/11 MP: 3/3
    19 | Abyss:1  | Found a corrupted altar of Lugonu.
    82 | Abyss:1  | Found a sparkling altar of Nemelex Xobeh.
   149 | Abyss:1  | Noticed a small abomination
   221 | Abyss:1  | Noticed a small abomination
   247 | Abyss:1  | Noticed a tentacled starspawn
   257 | Abyss:1  | Noticed a small abomination
   266 | Abyss:1  | Noticed a hellwing
   268 | Abyss:1  | Noticed a ynoxinul
   268 | Abyss:1  | Noticed a rakshasa
   270 | D:1      | Escaped the Abyss
   275 | D:$      | Got out of the dungeon alive.

Levels and vault maps discovered:
D:1:      psy_arrival_terrarium, layout_loops_ring, minmay_box_of_dots

Action                   || total
-------------------------++-------
Invok: Depart the Abyss  ||     1
Dodge: Dodged            ||     1
       Rpst.: Falchion   ||     1

Table legend:
 A = Non-vault XP
 B = Vault XP
 C = Vault XP percentage of total XP
 D = Non-vault monster count
 E = Vault monster count
 F = Vault count percentage of total count
                 A         B        C        D         E       F
            +---------+---------+-------+---------+---------+-------
      Total |       0 |       0 |   N/A |       0 |       0 |  -nan
            +---------+---------+-------+---------+---------+-------
            +---------+---------+-------+---------+---------+-------
